Map: Ephemeron LE

Players

Neeb - Winner!

  • Race: Protoss Protoss
  • Spawn Location: 5:00

thermostaat (uThermal)

  • Race: Terran Terran
  • Spawn Location: 11:00

Event: Cheeseadelphia XI, Cheeseadelphia XI

VOD

Have the link to the VOD?

Description

Time

  • Played on: Dec. 15, 2019, 7:09 p.m.
  • Length: 29:29

All games in this series

Show
View Real Time Build Order
Export as new Build Order

Neeb Protoss - Winner!

Build Orders: 1 Gate Expand, Blink Stalkers 

Get SALT Encoding   

  12  0:00  Probe  
  13  0:12  Probe  
  14  0:18  Pylon  
  14  0:24  Probe (Chrono Boost)  
  15  0:37  Probe (Chrono Boost)  
  15  0:39  Gateway  
  16  0:44  Probe (Chrono Boost)  
  16  0:46  Assimilator  
  17  0:51  Probe  
  18  1:03  Probe  
  19  1:15  Probe  
  20  1:23  Nexus  
  20  1:33  Cybernetics Core  
  20  1:37  Probe  
  20  1:41  Assimilator  
  20  1:49  Probe (Chrono Boost)  
  20  1:51  Pylon  
  21  2:00  Probe (Chrono Boost)  
  22  2:05  Probe (Chrono Boost)  
  22  2:06  Adept (Chrono Boost)  
  23  2:10  Warp Gate  
  23  2:15  Probe  
  26  2:22  Twilight Council  
  26  2:29  Probe (Chrono Boost)  
  27  2:32  Stalker  
  27  2:35  Probe (Chrono Boost)  
  32  2:44  Probe (Chrono Boost)  
  32  2:45  Probe (Chrono Boost)  
  32  2:50  Probe (Chrono Boost)  
  32  2:51  Probe  
  34  2:59  Blink (Chrono Boost)  
  34  3:01  Probe  
  34  3:03  Probe  
  36  3:08  Stalker  
  38  3:14  Probe  
  38  3:16  Probe  
  40  3:24  Robotics Facility  
  40  3:26  Probe  
  41  3:27  Gateway  
  41  3:28  Probe  
  41  3:33  Gateway  
  42  3:38  Probe  
  42  3:40  Probe  
  44  3:42  Pylon  
  44  3:49  Shield Battery  
  44  3:50  Probe  
  44  3:52  Probe  
  44  3:54  Assimilator  
  46  4:01  Stalker  
  46  4:02  Probe  
  48  4:06  Probe  
  45  4:14  Probe  
  41  4:20  Probe  
  41  4:21  Observer  
  43  4:26  Probe  
  43  4:27  Stalker  
  43  4:28  Stalker x2  
  50  4:32  Probe  
  50  4:36  Pylon  
  51  4:38  Probe  
  51  4:44  Probe  
  53  4:47  Observer  
  53  4:50  Nexus  
  54  4:54  Sentry  
  54  4:55  Probe  
  57  5:02  Stalker  
  57  5:06  Stalker  
  55  5:07  Probe  
  55  5:09  Probe  
  55  5:19  Probe  
  52  5:21  Probe  
  52  5:31  Probe  
  52  5:33  Stalker x3, Probe  
  60  5:41  Forge  
  58  5:44  Probe (Chrono Boost)  
  58  5:46  Probe (Chrono Boost)  
  60  5:55  Pylon  
  60  5:56  Probe (Chrono Boost)  
  60  5:57  Probe (Chrono Boost)  
  60  6:01  Probe (Chrono Boost)  
  60  6:02  Probe (Chrono Boost)  
  62  6:07  Probe  
  62  6:10  Probe, Protoss Ground Armor Level 1 (Chrono Boost)  
  63  6:12  Probe  
  63  6:15  Charge  
  64  6:20  Probe (Chrono Boost)  
  64  6:22  Probe (Chrono Boost)  
  64  6:24  Probe (Chrono Boost), Assimilator  
  67  6:26  Stalker x3  
  67  6:32  Probe (Chrono Boost)  
  75  6:34  Pylon, Probe (Chrono Boost)  
  75  6:35  Probe (Chrono Boost)  
  75  6:37  Observer  
  75  6:38  Probe (Chrono Boost)  
  75  6:39  Probe (Chrono Boost)  
  77  6:40  Probe (Chrono Boost)  
  77  6:46  Probe  
  79  6:48  Probe  
  79  6:50  Probe  
  81  6:58  Probe  
  81  7:00  Probe  
  83  7:02  Probe  
  84  7:09  Gateway  
  84  7:10  Probe  
  84  7:11  Gateway  
  85  7:16  Probe  
  85  7:17  Probe  
  85  7:18  Gateway  
  85  7:21  Gateway  
  85  7:23  Gateway  
  85  7:25  Probe  
  85  7:28  Probe  
  81  7:32  Robotics Bay  
  77  7:37  Assimilator  
  77  7:38  Pylon, Assimilator  
  77  7:39  Immortal (Chrono Boost)  
  77  7:40  Sentry  
  77  7:41  Stalker x2  
  87  7:47  Probe x3  
  90  7:56  Pylon  
  90  7:58  Pylon  
  91  8:12  Observer (Chrono Boost)  
  91  8:15  Protoss Ground Weapons Level 1 (Chrono Boost)  
  91  8:19  Stalker x3  
  97  8:20  Stalker x5  
  97  8:25  Observer  
  107  8:28  Extended Thermal Lance  
  107  8:29  Colossus  
  107  8:30  Forge  
  107  8:32  Pylon  
  113  8:42  Observer  
  113  8:43  Nexus  
  113  8:45  Pylon  
  113  8:49  Probe x2  
  113  8:54  Templar Archives, Probe  
  116  9:01  Probe x2  
  118  9:06  Probe  
  118  9:07  Stalker x2  
  118  9:08  Zealot x5  
  133  9:27  Pylon  
  133  9:28  Pylon  
  133  9:29  Pylon  
  133  9:31  Protoss Ground Armor Level 2 (Chrono Boost)  
  133  9:34  Assimilator  
  133  9:38  Assimilator  
  133  9:41  Colossus (Chrono Boost)  
  133  9:45  Probe  
  140  9:46  Pylon  
  140  9:52  Stalker x5  
  142  9:58  Observer  
  149  10:00  Zealot x2  
  149  10:01  Zealot  
  149  10:03  Psionic Storm  
  155  10:25  Assimilator, High Templar x3, Warp Prism (Chrono Boost)  
  155  10:26  High Templar  
  155  10:27  Zealot x4  
  171  10:28  Protoss Ground Weapons Level 2 (Chrono Boost)  
  171  10:32  Pylon  
  171  10:33  Pylon  
  173  10:40  Shield Battery  
  173  10:42  Photon Cannon  
  173  10:50  Robotics Facility  
  173  10:51  High Templar x2  
  173  10:54  Immortal  
  173  10:55  Archon  
  181  11:02  Zealot x5  
  177  11:33  Zealot x8  
  177  11:37  Gateway  
  177  11:38  Protoss Ground Armor Level 3 (Chrono Boost)  
  179  11:41  Gateway  
  173  11:53  Archon  
  124  11:55  Colossus (Chrono Boost)  
  102  12:03  High Templar x4  
  102  12:04  Zealot x4  
  116  12:09  Colossus (Chrono Boost)  
  116  12:25  High Templar x4  
  116  12:26  Nexus  
  116  12:27  Pylon  
  124  12:38  Colossus (Chrono Boost)  
  124  12:41  Zealot x5  
  124  12:42  Zealot  
  142  12:48  Colossus  
  142  12:51  Protoss Ground Weapons Level 3 (Chrono Boost)  
  148  13:01  Observer, Zealot x3  
  148  13:02  High Templar  
  148  13:03  High Templar  
  158  13:08  Archon  
  158  13:10  Nexus  
  158  13:11  Zealot x2  
  158  13:12  Zealot  
  144  13:27  Stalker x4  
  144  13:44  Zealot x6  
  139  14:00  Archon  
  117  14:05  Immortal x2  
  123  14:20  High Templar x5  
  123  14:21  Probe  
  135  14:27  Stalker x3  
  135  14:28  Probe x3  
  143  14:36  Stalker x2  
  143  14:37  Probe  
  148  14:40  Probe  
  149  14:50  Protoss Shields Level 1 (Chrono Boost)  
  149  14:53  Nexus  
  149  14:55  Probe  
  149  14:56  Probe x2  
  142  15:10  Probe  
  142  15:11  Probe x2  
  143  15:14  Stalker x3  
  149  15:23  Probe  
  149  15:26  Probe x2  
  153  15:31  Assimilator  
  153  15:34  Immortal  
  156  15:42  Warp Prism  
  156  15:47  High Templar x4  
  166  15:52  Archon x2  
  166  15:53  High Templar  
  166  15:54  High Templar  
  168  15:59  Archon  
  168  16:01  Zealot x3  
  170  16:18  Probe  
  170  16:19  Probe  
  170  16:20  Zealot x5  
  180  16:29  Zealot x5  
  187  16:42  Zealot  
  187  16:43  Zealot x4  
  197  16:49  Zealot  
  197  16:54  Zealot  
  197  17:01  Probe x2  
  181  17:07  High Templar  
  181  17:08  High Templar x7  
  193  17:18  Probe x2  
  193  17:20  Archon  
  194  17:29  Immortal x2 (Chrono Boost)  
  188  17:36  Nexus  
  196  17:45  Pylon  
  196  17:47  Pylon x2  
  136  18:27  High Templar x4  
  136  18:30  Observer  
  138  18:39  Nexus  
  138  18:43  High Templar x3  
  138  18:44  Zealot x3  
  138  18:46  Probe x3  
  138  18:48  Observer  
  153  18:54  Probe  
  154  18:58  Probe  
  155  19:05  Probe x2  
  155  19:09  Observer  
  157  19:16  Dark Shrine  
  153  19:19  Archon  
  153  19:41  Stalker x5  
  159  19:54  Archon  
  159  19:57  Probe x3  
  159  19:58  Probe  
  163  20:02  Probe  
  148  20:19  Warp Prism (Chrono Boost)  
  140  20:22  High Templar  
  140  20:23  High Templar x3  
  150  20:37  Probe x2  
  150  20:38  Probe x2  
  150  20:39  Probe  
  150  20:40  Assimilator  
  155  20:48  Assimilator  
  155  20:49  Pylon  
  155  20:55  High Templar x2, Zealot x4  
  155  20:56  Zealot x3  
  173  21:00  Observer, Archon  
  173  21:02  Observer  
  173  21:03  Probe x2  
  173  21:04  Probe  
  178  21:10  Probe x2  
  180  21:15  Pylon  
  180  21:17  Pylon  
  176  21:35  Nexus  
  176  21:38  Sentry x2  
  178  21:41  Pylon  
  170  21:54  Immortal (Chrono Boost)  
  170  21:59  Stalker x3  
  184  22:01  Immortal (Chrono Boost)  
  184  22:07  Pylon  
  184  22:09  Photon Cannon  
  184  22:11  Photon Cannon, Shield Battery  
  184  22:13  Probe  
  184  22:15  Assimilator  
  185  22:17  Zealot, Shield Battery  
  187  22:24  Zealot  
  187  22:25  Zealot x2  
  192  22:32  High Templar  
  192  22:34  Probe  
  195  22:45  Probe  
  195  22:47  Probe  
  197  22:56  Stalker  
  191  23:12  Dark Templar  
  191  23:13  Dark Templar  
  191  23:17  Zealot  
  197  23:23  Probe x3  
  197  23:24  Stargate  
  197  23:25  Assimilator  
  200  23:29  Assimilator  
  198  23:44  Stalker  
  200  23:51  Photon Cannon  
  200  23:53  Photon Cannon  
  198  23:58  Photon Cannon  
  198  24:01  Pylon  
  198  24:12  Fleet Beacon  
  198  24:14  Stargate  
  198  24:15  Stargate  
  198  24:17  Observer  
  198  24:24  Protoss Air Weapons Level 1 (Chrono Boost)  
  198  24:31  Dark Templar  
  198  24:37  Nexus  
  200  24:50  Pylon  
  200  24:54  Assimilator  
  200  24:58  Assimilator  
  196  25:17  Tempest  
  197  25:29  Tempest  
  197  25:30  Tempest  
  174  25:43  Stalker x6  
  174  25:47  Probe x2  
  174  25:48  Probe  
  187  26:00  Tempest  
  186  26:12  Tempest x2  
  176  26:23  Zealot x5  
  176  26:24  Zealot x5  
  194  26:42  Tempest  
  199  26:53  Dark Templar  
  183  27:10  Stalker x7  
  195  27:24  Probe  
  195  27:25  Probe x2  
  195  27:26  Photon Cannon  
  195  27:28  Photon Cannon  
  194  27:30  Shield Battery  
  194  27:32  Photon Cannon  
  185  27:42  Stalker x2  
  185  27:43  Stalker x3  
  181  27:51  Zealot x3  
  175  28:05  Tempest x3  
  190  28:17  Probe x2  
  190  28:18  Probe  
  187  28:26  Dark Templar, Zealot  
  187  28:27  Zealot x4  
  189  28:47  Zealot x7  
  193  29:08  Zealot x6  
Show
View Real Time Build Order
Export as new Build Order

thermostaat Terran 

Build Orders: Banshee Rush 

Get SALT Encoding   

  12  0:01  SCV  
  13  0:13  SCV  
  14  0:17  Supply Depot  
  14  0:25  SCV  
  15  0:38  SCV  
  15  0:39  Barracks  
  16  0:42  Refinery  
  16  0:50  SCV  
  17  1:02  SCV  
  18  1:15  SCV  
  19  1:26  Marine  
  19  1:27  Orbital Command  
  20  1:41  Command Center  
  20  1:53  SCV  
  21  1:56  Factory  
  21  2:01  Barracks Reactor  
  21  2:05  SCV  
  22  2:09  Supply Depot  
  22  2:17  SCV  
  22  2:19  Refinery  
  23  2:31  SCV  
  24  2:41  Starport  
  24  2:43  SCV  
  25  2:45  Hellion x2  
  25  2:51  Reaper  
  30  2:53  Orbital Command  
  30  2:55  SCV  
  31  3:06  Hellion  
  31  3:08  SCV  
  34  3:15  Hellion  
  34  3:17  Starport Tech Lab  
  36  3:20  SCV  
  36  3:26  Supply Depot  
  37  3:27  SCV  
  37  3:32  SCV  
  39  3:35  Cloaking Field  
  39  3:39  Banshee, SCV  
  43  3:45  Factory Tech Lab  
  43  3:46  Bunker, SCV  
  44  3:49  Marine  
  44  3:51  SCV  
  44  3:52  Marine  
  47  3:57  Supply Depot  
  47  3:58  SCV  
  48  4:03  SCV  
  49  4:13  Siege Tank, Marine  
  49  4:14  SCV  
  49  4:21  Banshee, Marine  
  49  4:22  SCV  
  52  4:26  SCV  
  51  4:33  Command Center  
  51  4:34  SCV  
  52  4:38  SCV  
  52  4:39  Marine  
  52  4:40  Supply Depot, Marine  
  55  4:45  Siege Tank  
  55  4:48  SCV  
  55  4:50  SCV  
  60  4:59  Barracks  
  60  5:00  Barracks, SCV, Marine  
  60  5:03  SCV  
  60  5:07  Banshee  
  60  5:12  SCV  
  64  5:15  SCV  
  64  5:18  Marine  
  66  5:23  Siege Tank  
  66  5:24  SCV  
  66  5:27  SCV, Refinery  
  67  5:29  Refinery  
  67  5:32  Engineering Bay, Marine  
  67  5:33  Engineering Bay  
  65  5:36  SCV, Supply Depot  
  65  5:38  Marine  
  65  5:39  SCV  
  65  5:49  SCV, Orbital Command, Marine  
  65  5:51  SCV  
  65  5:56  Marine  
  68  6:01  SCV  
  68  6:03  Factory Tech Lab  
  69  6:08  Marauder  
  69  6:10  SCV  
  69  6:13  Starport Reactor  
  69  6:14  SCV  
  69  6:18  Marine x2  
  70  6:20  Terran Infantry Weapons Level 1, Terran Infantry Armor Level 1  
  70  6:22  SCV  
  70  6:23  Orbital Command  
  73  6:26  SCV, Marine  
  73  6:29  Marine  
  76  6:34  Barracks x2, SCV  
  76  6:36  Siege Tank  
  76  6:38  SCV  
  76  6:39  Marine  
  82  6:44  Marauder  
  82  6:46  SCV  
  84  6:48  Marine  
  84  6:49  Marauder  
  84  6:52  Combat Shield  
  84  6:53  SCV  
  88  6:59  Medivac  
  88  7:01  Marine  
  90  7:05  Marauder  
  90  7:06  Marine  
  90  7:07  SCV  
  92  7:09  SCV, Supply Depot  
  93  7:17  Supply Depot  
  93  7:18  Supply Depot  
  93  7:20  SCV, Siege Tank, Marine  
  98  7:27  Marauder  
  96  7:30  SCV, Starport Reactor  
  96  7:32  Supply Depot  
  96  7:35  SCV  
  96  7:36  SCV  
  96  7:40  Barracks Reactor, Armory  
  96  7:42  SCV  
  95  7:45  Refinery  
  95  7:47  SCV, Factory, Refinery  
  95  7:48  SCV, Marine x2  
  99  7:52  Siege Tank  
  99  7:55  SCV  
  99  7:56  Missile Turret  
  99  7:57  Missile Turret  
  103  7:59  SCV, Marine  
  103  8:04  SCV  
  106  8:06  Marine  
  106  8:07  Missile Turret, Marine  
  106  8:09  Missile Turret, SCV  
  106  8:11  Medivac  
  111  8:13  SCV  
  111  8:16  Medivac  
  111  8:17  Marine  
  111  8:18  Barracks Reactor  
  115  8:20  SCV  
  115  8:23  Marine x2  
  115  8:24  Missile Turret, Marine  
  115  8:25  Marine  
  115  8:27  SCV  
  121  8:31  Siege Tank  
  121  8:32  Factory Tech Lab  
  121  8:33  SCV  
  126  8:38  Supply Depot, Sensor Tower  
  126  8:39  Terran Infantry Weapons Level 2  
  126  8:41  Medivac  
  126  8:42  Barracks Reactor  
  126  8:47  Marine x2  
  128  8:48  Marine  
  128  8:49  Supply Depot  
  128  8:50  SCV  
  128  8:51  SCV  
  128  8:53  Supply Depot  
  128  8:55  Supply Depot  
  131  8:59  Terran Infantry Armor Level 2  
  131  9:00  Siege Tank  
  131  9:01  Marine  
  135  9:03  Marine  
  135  9:08  Marine  
  135  9:09  Marine x2  
  139  9:11  Siege Tank, Marine  
  139  9:14  Medivac, Marine  
  144  9:18  Marine  
  144  9:21  Marine  
  144  9:22  Marine x2  
  144  9:23  Supply Depot  
  148  9:26  Marine  
  148  9:29  Command Center  
  148  9:30  Marine  
  150  9:32  Marine x2  
  150  9:33  Marine  
  150  9:35  Supply Depot, Medivac  
  155  9:39  Marine x2  
  155  9:42  Siege Tank  
  155  9:44  Medivac  
  162  9:46  Marine x2  
  162  9:47  Supply Depot, Marine  
  162  9:51  Stimpack  
  165  9:55  Siege Tank  
  165  9:57  Factory, Marine  
  165  9:59  Marine  
  159  10:04  Factory  
  159  10:05  Marine x2  
  161  10:08  Terran Vehicle Weapons Level 1  
  161  10:09  Marine  
  161  10:16  Marine  
  161  10:17  Marine  
  161  10:21  Siege Tank, Command Center  
  166  10:22  Marine x2  
  166  10:26  Marine x2  
  166  10:27  Supply Depot  
  170  10:30  Marine  
  170  10:31  Marine  
  170  10:32  Fusion Core  
  170  10:34  Siege Tank  
  175  10:37  Marine  
  175  10:38  Marine  
  177  10:44  SCV x2  
  177  10:45  SCV  
  180  10:50  Factory Tech Lab  
  180  10:53  Siege Tank  
  180  10:54  Marine x2  
  180  10:55  Marine  
  186  10:58  Sensor Tower  
  186  11:04  Factory Tech Lab, Marine  
  186  11:06  Marine  
  186  11:09  Armory, Factory  
  186  11:10  Marine x2  
  186  11:11  Factory, Marine  
  191  11:14  Refinery  
  191  11:15  Planetary Fortress  
  191  11:17  Refinery, Marine x2  
  191  11:18  SCV  
  194  11:22  Marine  
  194  11:23  Marine  
  186  11:33  Marine x2  
  186  11:36  Medivac, Marine x3  
  186  11:37  Siege Tank  
  186  11:38  Marine  
  193  11:41  Siege Tank  
  193  11:43  Siege Tank  
  199  11:52  Medivac, Marine  
  148  12:03  Marine  
  148  12:04  Siege Tank, Marine x2  
  148  12:05  Marine x4  
  148  12:06  Factory Tech Lab x2  
  148  12:08  SCV  
  156  12:09  Marine  
  156  12:11  Marine  
  158  12:21  Marine  
  158  12:22  Marine x3  
  160  12:23  Siege Tank, Marine  
  160  12:24  Marine  
  160  12:29  Marine  
  167  12:31  Siege Tank  
  170  12:38  Terran Infantry Weapons Level 3  
  170  12:39  Marine  
  171  12:45  Terran Infantry Armor Level 3  
  171  12:46  Marine  
  171  12:47  Marine  
  171  12:51  Marine  
  174  12:54  Siege Tank, Marine x2  
  174  12:55  Marine  
  170  12:59  Marine  
  171  13:06  Marine  
  171  13:08  Marine x2  
  171  13:09  Marine  
  171  13:12  Marine  
  175  13:13  Marine  
  175  13:15  Siege Tank, Marine x2  
  175  13:18  Marine  
  175  13:19  Medivac  
  185  13:23  Marine  
  185  13:24  Medivac  
  185  13:26  Marine x2  
  185  13:27  Marine  
  185  13:29  Siege Tank  
  185  13:30  Marine  
  190  13:36  Marine  
  190  13:37  Marine  
  192  13:49  Medivac  
  192  13:51  Command Center  
  192  13:54  Medivac  
  192  13:55  Marine x2  
  197  13:57  Marine  
  197  14:01  Siege Tank, Marine x2  
  162  14:02  Marine  
  162  14:03  Siege Tank, Marine x2  
  162  14:07  Marine  
  163  14:13  Marine x2  
  163  14:15  Terran Vehicle Weapons Level 2, Marine  
  166  14:18  Marine  
  166  14:19  Marine  
  167  14:26  Thor  
  171  14:32  Thor  
  171  14:35  Marine x2  
  171  14:37  Marine x2  
  181  14:46  Thor  
  181  14:51  Terran Vehicle And Ship Armor Level 1  
  187  14:54  Marine x3  
  187  14:58  Marine  
  187  14:59  Marine  
  191  15:10  Thor  
  191  15:11  Marine  
  194  15:15  Marine x2  
  194  15:16  Marine  
  194  15:20  Medivac  
  199  15:22  Marine  
  194  15:31  Orbital Command  
  194  15:32  Marine  
  195  15:40  Marine x2  
  196  15:44  Marine  
  197  16:00  Marine  
  198  16:05  Marine  
  198  16:08  Marine  
  200  16:15  Marine x2  
  200  16:17  Marine  
  194  16:18  Thor  
  194  16:23  Planetary Fortress  
  199  16:26  Command Center  
  199  16:27  Marine x2, Command Center  
  199  16:32  Marine  
  200  16:37  Marine  
  200  16:38  Marine  
  200  16:39  Marine  
  200  16:46  Marine  
  200  16:48  Marine  
  200  16:55  Marine x2  
  200  16:58  Medivac  
  200  16:59  Marine x3  
  200  17:00  Marine  
  195  17:03  Siege Tank x2  
  195  17:06  Refinery x2  
  194  17:08  Marine x2  
  194  17:11  Medivac  
  194  17:12  Marine  
  194  17:13  Marine  
  198  17:20  Marine  
  198  17:21  Marine  
  200  17:27  Marine  
  200  17:28  Marine  
  194  17:30  Marine x2  
  194  17:35  Marine  
  197  17:37  Medivac  
  197  17:39  Marine  
  193  17:44  Marine  
  193  17:47  Marine  
  193  17:48  Marine x2  
  193  17:49  Marine  
  193  17:50  Thor  
  200  17:55  Thor  
  200  17:56  Marine  
  200  17:57  Marine  
  200  17:58  Marine  
  198  18:05  Marine x2  
  192  18:08  Siege Tank  
  192  18:09  Medivac  
  192  18:12  Marine  
  189  18:13  Marine x2  
  189  18:14  Marine  
  189  18:18  Marine x2  
  194  18:21  Medivac  
  178  18:27  Marine x2  
  178  18:29  Marine  
  178  18:30  Marine  
  178  18:31  Marine  
  178  18:32  Orbital Command  
  175  18:38  Siege Tank x2, Marine x2  
  175  18:40  Marine x2  
  176  18:46  Orbital Command  
  176  18:48  Marine x2  
  178  18:58  Marine  
  178  18:59  Marine  
  165  19:06  Planetary Fortress  
  165  19:09  Marine x2  
  167  19:11  Sensor Tower  
  167  19:12  Missile Turret  
  167  19:13  Missile Turret  
  163  19:17  Marine  
  163  19:18  Marine  
  163  19:19  Siege Tank x2  
  163  19:20  Siege Tank x2  
  163  19:21  Marine  
  163  19:24  Marine  
  179  19:26  Marine  
  177  19:33  Marine  
  177  19:37  Marine  
  179  19:40  Marine  
  179  19:42  Marine  
  181  19:51  Marine x2  
  181  19:52  Marine  
  175  19:56  SCV x2  
  175  19:57  SCV  
  175  20:00  SCV  
  175  20:06  Marine  
  175  20:08  SCV  
  148  20:22  Marine x2  
  148  20:24  Marine  
  148  20:26  Orbital Command, Command Center  
  150  20:30  Marine  
  150  20:31  Command Center  
  150  20:33  Marine  
  152  20:36  Marine  
  152  20:37  Marine  
  152  20:39  SCV x2  
  152  20:42  Liberator x2  
  156  20:51  SCV  
  156  20:54  Marine  
  158  20:58  Advanced Ballistics  
  158  21:02  Missile Turret  
  158  21:04  SCV  
  165  21:10  Refinery  
  165  21:11  Sensor Tower  
  165  21:13  Marine  
  165  21:15  Refinery  
  166  21:18  SCV  
  166  21:25  Liberator x2  
  164  21:38  Command Center  
  164  21:44  Marine x2  
  172  21:48  SCV x3  
  162  21:57  Orbital Command  
  162  21:59  Marine  
  162  22:00  SCV  
  164  22:02  Marine  
  164  22:08  Liberator  
  165  22:10  SCV  
  165  22:14  Liberator  
  166  22:17  SCV  
  166  22:18  SCV  
  166  22:19  Starport  
  166  22:21  Marine x2  
  169  22:24  Marine  
  173  22:33  SCV  
  173  22:36  Armory, Marine  
  178  22:45  Missile Turret  
  178  22:47  Refinery  
  178  22:55  Liberator x2  
  178  22:56  Liberator, Orbital Command  
  178  22:57  Command Center  
  178  23:01  Liberator  
  185  23:24  Terran Ship Weapons Level 1  
  185  23:27  Marine x2  
  184  23:28  Marine  
  184  23:32  Siege Tank  
  184  23:33  Missile Turret  
  177  23:42  Thor  
  177  23:43  Liberator x3  
  177  23:45  Armory  
  192  24:07  Missile Turret, Thor  
  192  24:08  Liberator  
  198  24:12  Orbital Command  
  196  24:36  Terran Vehicle And Ship Armor Level 2  
  196  24:39  Thor  
  199  24:49  Orbital Command  
  199  25:08  Command Center  
  199  25:10  Command Center  
  192  25:21  Thor  
  188  25:35  Marine x3  
  180  25:37  Marine  
  172  26:12  Viking x2  
  179  26:36  Viking  
  179  26:46  Orbital Command  
  173  26:47  Orbital Command  
  167  27:10  Missile Turret  
  167  27:17  Missile Turret  
  162  27:36  Orbital Command  
  145  27:37  Orbital Command  
  140  27:51  Marine  
  140  27:52  Marine  
  140  27:53  Missile Turret  
  118  28:39  Marine x5  
  112  28:47  Marine  
  90  29:11  Marine x2  
Tags
 
Add a new tag
Caveats
  • Supply blocks, unpowered buildings, or Contaminate may cause inaccurate times.
  • Supply counts are checked every 10 seconds.